 Dungeon Crawl Stone Soup version 0.30.1-9-gdf580d7c3d (webtiles) character file.

Game seed: 8959040923286782434

39837 deadmann the Peltast (level 13, -5/125 HPs)
             Began as a Minotaur Fighter on Sept 8, 2023.
             Was a Priest of Trog.
             Slain by a 15-headed hydra (6 damage)
             ... on level 3 of the Lair of Beasts on Sept 30, 2023.
             The game lasted 02:28:17 (21443 turns).

deadmann the Peltast (Minotaur Fighter)            Turns: 21443, Time: 02:28:18

Health: -5/125     AC: 19    Str: 31    XL:     13   Next: 71%
Magic:  12/12      EV: 23    Int:  5    God:    Trog [***...]
Gold:   1071       SH: 20    Dex: 11    Spells: 12/12 levels left

rFire   . . .        a - +0 war axe
rCold   + . .        v - +1 tower shield {rC+}
rNeg    . . .        z - +1 storm dragon scales
rPois   .            E - +2 hat
rElec   +            (no cloak)
rCorr   .            (no gloves)
SInv    .            P - +0 pair of boots
Will    .....        S - amulet of the acrobat Stlth
                     p - +6 ring of strength
HPRegen 0.40/turn    m - ring of flight
MPRegen 0.13/turn

%: acrobat
@: on berserk cooldown, acrobatic, flying, slowed, very slow
A: horns 2, retaliatory headbutt
a: Renounce Religion, Berserk, Trog's Hand


You were on level 3 of the Lair of Beasts.
You worshipped Trog.
Trog was most pleased with you.
You visited 2 branches of the dungeon, and saw 14 of its levels.
You also visited: Ice Cave.

You collected 1071 gold pieces.

Inventory:

Hand Weapons
 a - a +0 war axe (weapon)
 j - a +4 glaive of venom
 l - a +0 giant spiked club of freezing
 n - a +1 falchion of distortion
 w - a +2 battleaxe of freezing
 I - a +2 flail of protection
 R - a +1 great sword of flaming
 T - a +3 hand axe
 V - a +2 vampiric falchion
Missiles
 y - 14 poisoned darts
 B - 5 atropa-tipped darts
 C - 5 curare-tipped darts (quivered)
Armour
 e - +2 steam dragon scales
 q - a +0 scale mail of cold resistance
 v - a +1 tower shield of cold resistance (worn)
 z - +1 storm dragon scales (worn)
 E - a +2 hat (worn)
 F - a +1 plate armour
 P - a +0 pair of boots (worn)
 W - +0 acid dragon scales
 Y - a +0 troll leather armour
 Z - a +1 leather armour of poison resistance
Jewellery
 c - an amulet of magic regeneration
 k - a ring of fire
 m - a ring of flight (right hand)
 p - a +6 ring of strength (left hand)
 x - a +6 ring of intelligence
 J - a +5 ring of evasion
 S - an amulet of the acrobat (around neck)
 U - a ring of protection from fire
Wands
 d - a wand of charming (3)
 H - a wand of polymorph (8)
 K - a wand of iceblast (5)
 M - a wand of flame (40)
Scrolls
 g - 6 scrolls of amnesia
 r - 3 scrolls of teleportation
 G - a scroll of brand weapon
 Q - 2 scrolls of noise
 X - a scroll of torment
Potions
 b - a potion of heal wounds
 f - a potion of ambrosia
 h - 3 potions of cancellation
 i - a potion of haste {unknown}
 o - 5 potions of magic
 s - 5 potions of attraction
 t - 3 potions of resistance
 A - a potion of might
 D - 3 potions of flight
 L - 8 potions of curing
 N - 3 potions of brilliance


   Skills:
 + Level 14.6 Fighting
 * Level 14.2 Axes
 - Level 0.3(9.2) Maces & Flails
 + Level 10.1 Armour
 - Level 0.1 Dodging
 - Level 2.6 Stealth
 - Level 17.9 Shields


You had 12 spell levels left.
You didn't know any spells.
Your spell library contained the following spells:

 Spells                   Type           Power      Damage    Failure   Level
 Freeze                   Ice            0%         1d3       98%         1
 Blink                    Tloc           0%         N/A       99%         2
 Lesser Beckoning         Tloc           0%         N/A       99%         2
 Momentum Strike          Conj/Tloc      0%         3d8       99%         2
 Frozen Ramparts          Ice            0%         1d1       100%        3
 Gell's Gravitas          Tloc           0%         N/A       100%        3
 Hailstorm                Conj/Ice       0%         3d3       100%        3
 Teleport Other           Tloc           0%         N/A       100%        3
 Dispersal                Tloc           0%         N/A       100%        6


Dungeon Overview and Level Annotations

Branches:
Dungeon (11/15)            Temple (0/1) D:4            Lair (3/5) D:8
 Shoals (0/4) Lair:3       Spider (0/4) Lair:3          Orc (0/2) D:9
  IceCv (visited)

Altars:
Ashenzari
Cheibriados
Dithmenos
Elyvilon
Fedhas
Gozag
Hepliaklqana
Kikubaaqudgha
Makhleb
Nemelex Xobeh
Okawaru
Qazlal
Ru
Sif Muna
Trog
Uskayaw
Vehumet
Wu Jian
Xom
Yredelemnul
Zin
The Shining One

Annotations:
D:7 Hard encounter later, exclusions: 3 doors and 6 more exclusions
D:8 LAIR, exclusion: upstairs
D:9 3 runed translucent doors, exclusions: door and upstairs


Innate Abilities, Weirdness & Mutations

You have a pair of horns on your head.
You reflexively headbutt those who attack you in melee.


Message History

The 13-headed hydra grows two more!
You slash the 15-headed hydra! You headbutt the 15-headed hydra!
The 15-headed hydra is severely wounded.
The 15-headed hydra bites you but does no damage.
You block the 15-headed hydra's attack. x2; The 15-headed hydra bites you!
* * * LOW HITPOINT WARNING * * *
You block the 15-headed hydra's attack.
The 15-headed hydra bites you but does no damage. x3
You block the 15-headed hydra's attack.
The 15-headed hydra bites you but does no damage.
The 15-headed hydra bites you!
* * * LOW HITPOINT WARNING * * *
The 15-headed hydra barely misses you. The 15-headed hydra bites you!
* * * LOW HITPOINT WARNING * * *
The 15-headed hydra bites you.
* * * LOW HITPOINT WARNING * * *
The 15-headed hydra bites you but does no damage.
You feel a strong urge to attack something.
You are no longer berserk.
You are exhausted.
You feel yourself slow down. You block the 15-headed hydra's attack.
The 15-headed hydra barely misses you. You block the 15-headed hydra's attack.
The 15-headed hydra barely misses you. You block the 15-headed hydra's attack.
The 15-headed hydra barely misses you. The 15-headed hydra bites you.
* * * LOW HITPOINT WARNING * * *
The 15-headed hydra barely misses you. The 15-headed hydra misses you.
The 15-headed hydra completely misses you.
The 15-headed hydra closely misses you. The 15-headed hydra barely misses you.
The 15-headed hydra bites you but does no damage.
The 15-headed hydra misses you. You block the 15-headed hydra's attack.
The 15-headed hydra attacks as you move away!
You block the 15-headed hydra's attack. The 15-headed hydra misses you.
You block the 15-headed hydra's attack. x2
The 15-headed hydra closely misses you. The 15-headed hydra barely misses you.
The 15-headed hydra misses you. The 15-headed hydra barely misses you.
The 15-headed hydra bites you but does no damage.
The 15-headed hydra misses you. The 15-headed hydra closely misses you.
The 15-headed hydra bites you.
You die...

.......# ♣♣. ......## #♣♣..
.......# ♣.... ......## ♣#.P..
......## #..... .......#######
### ####.....
......#....#.####.#######.#.P.P.P
........(........................
...............D@..............P.
.....................>..........P
...............................P.
................................P
................................♣
#######..P.P################.###.
####### ### ##


You could see a 15-headed hydra.

Vanquished Creatures
  A frost giant (IceCv)
  A hydra (Lair:3)
  2 two-headed ogres
  12 death yaks
  A skyshark (Lair:3)
  3 harpies (Lair:3)
  A cyclops (D:11)
  3 black mambas
  An ice statue (IceCv)
  8 elephants
  Maggie (Lair:2)
  6 rime drakes (IceCv)
  4 cane toads
  5 komodo dragons
  4 trolls
  6 polar bears
  10 blink frogs
  11 dream sheep (Lair:3)
  4 culicivoras (Lair:3)
  3 wyverns
  A vampire (D:10)
  A shadow (D:9)
  2 wraiths
  44 yaks
  7 basilisks
  A vampire mosquito (D:7)
  A steam dragon (D:6)
  2 acid dragons
  5 water moccasins
  3 orc warriors
  4 ice beasts
  4 centaurs
  12 wolves
  A phantom (D:5)
  2 kobold brigands
  6 bullfrogs
  A gnoll sergeant (D:9)
  A scorpion (D:6)
  4 killer bees (D:10)
  5 howler monkeys
  6 hounds
  A gnoll bouda (D:8)
  6 orc priests
  A jelly (D:6)
  5 hell rats (Lair:2)
  13 orc wizards
  2 iguanas
  Terence (D:2)
  13 gnolls
  10 adders
  A shadow imp (D:5)
  An ufetubus (D:5)
  A worm (D:4)
  A dart slug (D:2)
  39 orcs
  4 endoplasms
  3 giant cockroaches
  2 goblins
  2 hobgoblins
  5 jackals (D:4)
  2 quokkas
  7 ball pythons
  5 bats
  3 frilled lizards (D:1)
  10 kobolds
  7 rats
  A spectral orc (D:8)
346 creatures vanquished.

Notes
Turn   | Place    | Note
-------+----------+-------------------------------------------
     0 | D:1      | deadmann the Minotaur Fighter began the quest for the Orb.
     0 | D:1      | Reached XP level 1. HP: 19/19 MP: 0/0
    97 | D:1      | Found a faded altar of an unknown god.
   163 | D:1      | Upgraded the game from 0.30.1-4-g462c640d31 to
                  | 0.30.1-9-gdf580d7c3d
   237 | D:1      | Reached XP level 2. HP: 27/27 MP: 1/1
   573 | D:2      | Reached skill level 4 in Shields
   628 | D:2      | Reached XP level 3. HP: 20/33 MP: 2/2
  1094 | D:2      | Noticed Terence
  1117 | D:2      | Killed Terence
  1118 | D:2      | Reached XP level 4. HP: 25/41 MP: 3/3
  1667 | D:3      | Identified the +0 robe of Twilight {rC+ Int+3}
  1732 | D:3      | Found a sacrificial altar of Ru.
  1871 | D:3      | Found a glowing silver altar of Zin.
  1902 | D:3      | Found a shimmering blue altar of Sif Muna.
  1953 | D:3      | Reached XP level 5. HP: 47/47 MP: 4/4
  2058 | D:3      | Found an opulent altar of Gozag.
  2191 | D:4      | Found a staircase to the Ecumenical Temple.
  2366 | D:4      | Reached skill level 5 in Shields
  2790 | D:4      | Found a white marble altar of Elyvilon.
  3105 | D:5      | Entered Level 5 of the Dungeon
  3193 | D:4      | Reached XP level 6. HP: 41/55 MP: 5/5
  3359 | D:4      | Reached skill level 5 in Fighting
  3474 | D:5      | Noticed an ice beast
  3609 | D:5      | Reached skill level 5 in Axes
  3859 | D:5      | Noticed an ice beast
  3871 | D:5      | Killed an ice beast
  3872 | D:5      | Reached skill level 5 in Armour
  3872 | D:5      | Reached skill level 6 in Shields
  3872 | D:5      | Reached XP level 7. HP: 48/61 MP: 6/6
  4291 | D:5      | Found a blossoming altar of Fedhas.
  4349 | D:5      | Found an iron altar of Okawaru.
  4646 | D:6      | Noticed a steam dragon
  5054 | D:6      | Reached skill level 7 in Shields
  5177 | D:6      | Reached XP level 8. HP: 44/70 MP: 7/7
  5873 | D:7      | Found a hazy altar of Hepliaklqana.
  6463 | D:7      | Found a snail-covered altar of Cheibriados.
  6504 | D:7      | Found a glowing golden altar of the Shining One.
  6506 | D:7      | Found a glowing silver altar of Zin.
  6506 | D:7      | Found a shimmering altar of Xom.
  6508 | D:7      | Found a radiant altar of Vehumet.
  6508 | D:7      | Found a shadowy altar of Dithmenos.
  6508 | D:7      | Found a sparkling altar of Nemelex Xobeh.
  6753 | D:7      | Reached skill level 10 in Axes
  6797 | D:7      | Noticed a troll
  6797 | D:7      | Noticed a manticore
  6797 | D:7      | Noticed a two-headed ogre
  6797 | D:7      | Noticed a troll
  6899 | D:8      | Killed a troll
  6900 | D:8      | Reached XP level 9. HP: 23/75 MP: 8/8
  7174 | D:8      | Found a shadowy altar of Dithmenos.
  7491 | D:8      | Found a basalt altar of Yredelemnul.
  7645 | D:8      | Noticed a two-headed ogre
  7896 | D:8      | Killed a two-headed ogre
  8054 | D:8      | Noticed a komodo dragon
  8321 | D:9      | Reached skill level 8 in Shields
  8653 | D:9      | Found a runed translucent gate.
  8653 | D:9      | Found a runed translucent gate.
  8653 | D:9      | Found a runed translucent gate.
  8653 | D:9      | Noticed a purple ugly thing
  8653 | D:9      | Noticed a white ugly thing
  8653 | D:9      | Noticed a cyan ugly thing
  8653 | D:9      | Noticed a red ugly thing
  8653 | D:9      | Noticed a brown ugly thing
  8655 | D:9      | Noticed a cyan ugly thing
  8691 | D:9      | Found a staircase to the Orcish Mines.
  9024 | D:9      | Reached XP level 10. HP: 72/86 MP: 9/9
  9030 | D:9      | Found a glowing golden altar of the Shining One.
  9127 | D:9      | Found a sparkling altar of Nemelex Xobeh.
  9598 | D:9      | Reached skill level 9 in Shields
  9981 | D:8      | Found an ancient bone altar of Kikubaaqudgha.
  9987 | D:8      | Found a burning altar of Makhleb.
  9987 | D:8      | Found a stormy altar of Qazlal.
  9990 | D:8      | Found an ornate altar of the Wu Jian Council.
  9993 | D:8      | Found a radiant altar of Vehumet.
 10056 | D:8      | Reached skill level 10 in Shields
 10291 | D:8      | Found a staircase to the Lair.
 10589 | D:10     | Entered Level 10 of the Dungeon
 10771 | D:10     | Found a hide-covered altar of Uskayaw.
 10888 | D:10     | Found a broken altar of Ashenzari.
 10949 | D:10     | Reached skill level 11 in Shields
 10980 | D:10     | Noticed a two-headed ogre
 11006 | D:10     | Killed a two-headed ogre
 11273 | D:10     | Found a bloodstained altar of Trog.
 11295 | D:10     | Reached skill level 12 in Shields
 11301 | D:10     | Became a worshipper of Trog the Wrathful
 11522 | D:11     | Noticed a cyclops
 11545 | D:11     | Reached XP level 11. HP: 36/99 MP: 10/10
 11782 | D:11     | Reached skill level 10 in Fighting
 11876 | D:11     | Reached skill level 13 in Shields
 11962 | D:11     | Found a frozen archway.
 11982 | IceCv    | Entered an ice cave
 12302 | IceCv    | Reached * piety under Trog
 12470 | IceCv    | Noticed a death yak
 12478 | IceCv    | Noticed a death yak
 12526 | IceCv    | Reached skill level 14 in Shields
 12532 | IceCv    | Killed a death yak
 12535 | IceCv    | Killed a death yak
 13472 | IceCv    | Noticed a frost giant
 13472 | IceCv    | Noticed a death yak
 13518 | IceCv    | Killed a frost giant
 13892 | IceCv    | Reached skill level 15 in Shields
 13910 | IceCv    | Killed a death yak
 14050 | IceCv    | Noticed a death yak
 14050 | IceCv    | Noticed a death yak
 14077 | IceCv    | Reached XP level 12. HP: 103/112 MP: 11/11
 14084 | IceCv    | Killed a death yak
 14090 | IceCv    | Killed a death yak
 14268 | IceCv    | Noticed a death yak
 14497 | IceCv    | Killed a death yak
 14498 | IceCv    | Reached skill level 16 in Shields
 14690 | IceCv    | Noticed a death yak
 14702 | IceCv    | Killed a death yak
 16226 | Lair:1   | Entered Level 1 of the Lair of Beasts
 16340 | Lair:1   | Found a shadowy altar of Dithmenos.
 16516 | Lair:1   | Noticed a death yak
 16545 | Lair:1   | Killed a death yak
 16546 | Lair:1   | Reached skill level 17 in Shields
 16848 | Lair:1   | Noticed a death yak
 16849 | Lair:1   | Noticed a death yak
 16849 | Lair:1   | Noticed a death yak
 16849 | Lair:1   | Noticed a death yak
 16926 | D:8      | Killed a death yak
 16993 | D:8      | Killed a death yak
 16994 | D:8      | Reached skill level 1 in Stealth
 17001 | D:8      | Killed a death yak
 17145 | Lair:1   | Killed a death yak
 18025 | Lair:2   | Reached ** piety under Trog
 18113 | Lair:2   | Reached XP level 13. HP: 115/123 MP: 12/12
 18235 | Lair:2   | Noticed Maggie
 18242 | Lair:2   | Killed Maggie
 18687 | Lair:2   | Identified the +2 mace of Context {heavy, Fragile rElec
                  | Dex+5 SInv}
 19947 | Lair:3   | Reached *** piety under Trog
 20008 | Lair:3   | Found a hole to the Spider Nest.
 20842 | Lair:3   | Reached skill level 10 in Armour
 20902 | Lair:3   | Found a staircase to the Shoals.
 21435 | Lair:3   | HP: 6/187 [15-headed hydra (12)]
 21442 | Lair:3   | HP: 1/125 [15-headed hydra (4)]
 21443 | Lair:3   | Slain by a 15-headed hydra

Illustrated notes

Levels and vault maps discovered:
D:1:      sevenhm_arrival_forest_fort_small_4, layout_rooms,
          hellmonk_ecumenical_altar_arch_garden, minmay_cut_off
D:2:      layout_loops_ring, uniq_terence
D:3:      layout_rooms, pdpol_temple_overflow_zin_treasury_gozag_greed,
          mainiacjoe_overflow_tiny_flanked, hangedman_ru_absence
D:4:      layout_loops_ring, kennysheep_little_box, minmay_temple_entry_waves,
          minmay_hedge_maze
D:5:      layout_cave_pools, okawaru_trees_2, mainiacjoe_overflow_alcove_1
D:6:      layout_cave_pools, lemuel_flame_loot_1
D:7:      minmay_the_grid_triangle_9x9_rhombus_thin
          [minmay_the_grid_triangle_9x9_shrine,
          minmay_the_grid_triangle_9x9_prize_top_heavy,
          minmay_the_grid_triangle_9x9_sprig,
          minmay_the_grid_triangle_9x9_intruding_spiral], layout_loops_ring,
          old_standard_altar, doesnt_xom_only_xom, overflow_temple_1_default
D:8:      layout_basic, yredelemnul_forgotten_temple_becter, minitemple,
          mainiacjoe_overflow_small_starburst, erik_lair_dragon,
          hex_intersection
D:9:      layout_basic, mainiacjoe_overflow_24_doors, overflow_temple_1_default,
          orc_0_dummy, ploomutoo_gammafunk_ghost_potion_laboratory
D:10:     layout_irregular_city, trog_three_pillars_becter,
          nicolae_uskayaw_murder_on_the_dancefloor, cheibrodos_ashenzari_chains,
          nrook_mini_vaults, kennysheep_generic_room_15
D:11:     wad_pebble_path, layout_basic, portal_ice_cave_entry_pillars_2,
          serial_bayou_pond_e, grunt_decor_one_mirror, hangedman_decor_push
Lair:1:   layout_cave_pods, basic_altar, grunt_megastairs_1
Lair:2:   layout_regular_city, infiniplex_staircase_pool_2, uniq_maggie
Lair:3:   wad_woods_pond, layout_big_grid, nicolae_shoals_entry_roost,
          spider_nest_entry_funnel_web, lemuel_fruit_tree

Skill      XL: |  1  2  3  4  5  6  7  8  9 10 11 12 13 |
---------------+----------------------------------------+-----
Fighting       | 4 5 6 7 9 11 13 14 | 14.6
Shields        | 4 5 6 7 8 12 15 17 | 17.9
Axes           | 3 4 5 6 11 12 14 | 14.2
Armour         | 4 5 6 8 10 | 10.1
Stealth        | 2 |  2.6
Maces & Flails | |  0.3
Dodging        | |  0.1

Action                     |  1- 3 |  4- 6 |  7- 9 | 10-12 | 13-15 || total
---------------------------+-------+-------+-------+-------+-------++-------
  Melee: War axe           |    74 |   147 |   263 |   558 |   327 ||  1369
         Headbutt          |     4 |    16 |    49 |   155 |    76 ||   300
  Throw: Dart              |       |     5 |     2 |     9 |     2 ||    18
 Invoke: Berserk           |       |       |       |     1 |     2 ||     3
  Evoke: Wand              |       |       |     5 |    26 |     3 ||    34
    Use: Potion            |       |     1 |     1 |     4 |     3 ||     9
         Scroll            |       |     5 |    15 |     7 |     4 ||    31
   Stab: Invisible         |       |       |       |     3 |       ||     3
 Armour: Scale mail        |    40 |   107 |    20 |    72 |       ||   239
         Plate armour      |       |       |   157 |    66 |       ||   223
         Storm dragon scal |       |       |       |    73 |   226 ||   299
  Dodge: Dodged            |    35 |    67 |    84 |   132 |   115 ||   433
  Block: Buckler           |    14 |    29 |    69 |    81 |       ||   193
         Tower shield      |       |       |       |   269 |   395 ||   664
